TOP OF THE 1ST |
Pittsburgh Pirates batting - Pitching for Atlanta Braves : RHP Matt Sigurdson
|
Pitching: RHP Matt Sigurdson
|
|
Batting: RHB Andrew Robinson
|
0-0: Called Strike 0-1: Ground out 4-3 (Groundball, 4, EV 81.9 MPH)
|
Batting: RHB Mike Bates
|
0-0: Ball 1-0: Ball 2-0: Called Strike 2-1: Foul Ball, location: 2F 2-2: Ball 3-2: Fly out, F9 (Flyball, 9LM, EV 108.8 MPH)
|
Batting: LHB Theodore Conboy
|
0-0: Foul Ball, location: 2F 0-1: Swinging Strike 0-2: Foul Ball, location: 2F 0-2: Ball 1-2: Ball 2-2: Foul Ball, location: 2F 2-2: Strikes out looking and he ARGUES THE CALL AND IS TOSSED!
|
Top of the 1st over - 0 runs, 0 hits, 0 errors, 0 left on base; Pittsburgh 0 - Atlanta 0 |
BOTTOM OF THE 1ST |
Atlanta Braves batting - Pitching for Pittsburgh Pirates : RHP Isaburo Ishihara
|
Pitching: RHP Isaburo Ishihara
|
|
Now in LF: Steve Jordan
|
|
Batting: RHB Jeckel Hester
|
0-0: Called Strike 0-1: Ground out 5-3 (Groundball, 5, EV 81.9 MPH)
|
Batting: LHB Per Meulengracht
|
0-0: Called Strike 0-1: Foul Ball, location: 2F 0-2: Ball 1-2: Ball 2-2: Foul Ball, location: 2F 2-2: Ground out 4-3 (Groundball, 4, EV 85.6 MPH)
|
Batting: RHB Jordan Martin
|
0-0: Ball 1-0: Ball 2-0: Ball 3-0: Called Strike 3-1: Swinging Strike 3-2: Foul Ball, location: 2F 3-2: Ground out 4-3 (Groundball, 4, EV 105.0 MPH)
|
Bottom of the 1st over - 0 runs, 0 hits, 0 errors, 0 left on base; Pittsburgh 0 - Atlanta 0 |
TOP OF THE 2ND |
Pittsburgh Pirates batting - Pitching for Atlanta Braves : RHP Matt Sigurdson
|
Batting: SHB Marvin McAleer
|
0-0: Called Strike 0-1: Foul Ball, location: 2F 0-2: Strikes out looking
|
Batting: LHB Pat Sutton
|
0-0: Swinging Strike 0-1: Ball 1-1: SINGLE (Line Drive, 9LS, EV 94.4 MPH)
|
Batting: SHB Brad Day
|
0-0: Called Strike 0-1: Ball 1-1: Called Strike 1-2: Strikes out swinging
|
Batting: LHB Marc Carter
|
0-0: Called Strike 0-1: Fly out, F1 (Line Drive, P, EV 72.5 MPH)
|
Top of the 2nd over - 0 runs, 1 hit, 0 errors, 1 left on base; Pittsburgh 0 - Atlanta 0 |
BOTTOM OF THE 2ND |
Atlanta Braves batting - Pitching for Pittsburgh Pirates : RHP Isaburo Ishihara
|
Batting: LHB Colin Worthington
|
0-0: Swinging Strike 0-1: Ball 1-1: Foul Ball, location: 2F 1-2: Strikes out looking
|
Batting: RHB Ike Trout
|
0-0: Called Strike 0-1: Swinging Strike 0-2: Ball 1-2: Strikes out swinging passed ball, reaches first!
|
Batting: RHB Xavier Davis
|
0-0: Called Strike 0-1: Foul Ball, location: 2F 0-2: Ball 1-2: Ball 2-2: Foul Ball, location: 2F 2-2: Fly out, F8 (Flyball, 8LXD, EV 95.6 MPH)
|
Batting: RHB Zhi-bin Ou-yang
|
0-0: Ground out 5-3 (Groundball, 56S, EV 70.0 MPH)
|
Bottom of the 2nd over - 0 runs, 0 hits, 0 errors, 1 left on base; Pittsburgh 0 - Atlanta 0 |
TOP OF THE 3RD |
Pittsburgh Pirates batting - Pitching for Atlanta Braves : RHP Matt Sigurdson
|
Batting: RHB Bubba Tierney
|
0-0: Ground out 4-3 (Groundball, 34, EV 100.6 MPH)
|
Batting: RHB Eisse Bravenboer
|
0-0: Ball 1-0: Ball 2-0: Foul Ball, location: 2F 2-1: Fly out, F8 (Flyball, 8RD, EV 100.0 MPH)
|
Batting: RHB Andrew Robinson
|
0-0: Swinging Strike 0-1: Swinging Strike 0-2: Strikes out swinging
|
Top of the 3rd over - 0 runs, 0 hits, 0 errors, 0 left on base; Pittsburgh 0 - Atlanta 0 |
BOTTOM OF THE 3RD |
Atlanta Braves batting - Pitching for Pittsburgh Pirates : RHP Isaburo Ishihara
|
Batting: RHB Jared Speck
|
0-0: Foul Ball, location: 2F 0-1: Ball 1-1: Ball 2-1: Foul Ball, location: 2F 2-2: Ball 3-2: Strikes out looking
|
Batting: RHB Tade Post
|
0-0: Ball 1-0: SINGLE (Line Drive, 4MD, EV 98.1 MPH)
|
Batting: RHB Jeckel Hester
|
0-0: Called Strike 0-1: Called Strike 0-2: Ball 1-2: Fly out, F8 (Flyball, 8RM, EV 85.0 MPH)
|
Batting: LHB Per Meulengracht
|
0-0: Ball 1-0: Called Strike 1-1: Foul Ball, location: 2F 1-2: Ground out U3 (Groundball, 3, EV 90.0 MPH)
|
Bottom of the 3rd over - 0 runs, 1 hit, 0 errors, 1 left on base; Pittsburgh 0 - Atlanta 0 |
TOP OF THE 4TH |
Pittsburgh Pirates batting - Pitching for Atlanta Braves : RHP Matt Sigurdson
|
Batting: RHB Mike Bates
|
0-0: Ball 1-0: TRIPLE (Line Drive, 89XD, EV 110.6 MPH)
|
Batting: RHB Steve Jordan
|
0-0: Called Strike 0-1: Ball 1-1: Ball 2-1: Ball 3-1: Called Strike 3-2: SINGLE (Groundball, 25, EV 71.9 MPH) (infield hit)
|
Batting: SHB Marvin McAleer
|
0-0: Ball 1-0: Foul Ball, location: 2F 1-1: Foul Ball, location: 2F 1-2: Ball 2-2: Ball 3-2: Foul Ball, location: 2F 3-2: Foul Ball, location: 2F 3-2: DOUBLE (Line Drive, 89D, EV 107.5 MPH) Mike Bates scores Steve Jordan to third
|
Batting: LHB Pat Sutton
|
0-0: Ball 1-0: Foul Ball, location: 2F 1-1: Ball 2-1: Ball 3-1: Foul Ball, location: 2F 3-2: Base on Balls
|
Batting: SHB Brad Day
|
0-0: Ball 1-0: Fly out, F6 (Popup, 6M, EV 70.6 MPH)
|
Batting: LHB Marc Carter
|
0-0: Ball 1-0: Ball 2-0: Fly out, F8 (Flyball, 8LD, EV 101.2 MPH) Runner from 3rd tags up, SCORES, throw by CF Marvin McAleer to third
|
Batting: RHB Bubba Tierney
|
0-0: Ball 1-0: Ball 2-0: Ball 3-0: Called Strike 3-1: Called Strike 3-2: Foul Ball, location: 2F 3-2: Foul Ball, location: 2F 3-2: Base on Balls Pat Sutton to second
|
Batting: RHB Eisse Bravenboer
|
0-0: Called Strike 0-1: Ball 1-1: Fielders Choice at 2nd, 6-4 (Groundball, 6, EV 81.9 MPH)
|
Top of the 4th over - 2 runs, 3 hits, 0 errors, 3 left on base; Pittsburgh 2 - Atlanta 0 |
BOTTOM OF THE 4TH |
Atlanta Braves batting - Pitching for Pittsburgh Pirates : RHP Isaburo Ishihara
|
Batting: RHB Jordan Martin
|
0-0: Foul Ball, location: 2F 0-1: Ball 1-1: Foul Ball, location: 2F 1-2: Foul Ball, location: 2F 1-2: SINGLE (Flyball, 8RS, EV 88.8 MPH)
|
Batting: LHB Colin Worthington
|
0-0: SINGLE (Flyball, 34D, EV 85.0 MPH) Jordan Martin to second
|
Batting: RHB Ike Trout
|
0-0: Ball 1-0: Ball 2-0: Foul Ball, location: 2F 2-1: Ball 3-1: Foul Ball, location: 2F 3-2: Fielders Choice at 2nd, 1-4 (Groundball, 15S, EV 70.0 MPH) Jordan Martin to third
|
Batting: RHB Xavier Davis
|
0-0: Called Strike 0-1: SINGLE (Line Drive, 89S, EV 88.8 MPH) Jordan Martin scores Ike Trout to second Runner from 2nd tries for 3rd, SAFE, throw by RF made to third
|
Batting: RHB Zhi-bin Ou-yang
|
0-0: Called Strike 0-1: Ball Xavier Davis steals 2nd base 1-1: Foul Ball, location: 2F 1-2: Ground out 5-3 (Groundball, 56S, EV 85.0 MPH) Ike Trout scores
|
Batting: RHB Jared Speck
|
0-0: Called Strike 0-1: Foul Ball, location: 2F 0-2: Strikes out looking
|
Bottom of the 4th over - 2 runs, 3 hits, 0 errors, 1 left on base; Pittsburgh 2 - Atlanta 2 |
TOP OF THE 5TH |
Pittsburgh Pirates batting - Pitching for Atlanta Braves : RHP Matt Sigurdson
|
Batting: RHB Andrew Robinson
|
0-0: Foul Ball, location: 2F 0-1: Ball 1-1: Ball 2-1: Ground out 6-3 (Groundball, 6, EV 89.4 MPH)
|
Batting: RHB Mike Bates
|
0-0: Called Strike 0-1: Ball 1-1: Ball 2-1: Foul Ball, location: 2F 2-2: Ball 3-2: SINGLE (Groundball, 4D, EV 94.4 MPH)
|
Batting: RHB Steve Jordan
|
0-0: Called Strike 0-1: Swinging Strike 0-2: Ball 1-2: Foul Ball, location: 2F 1-2: Foul Ball, location: 2F 1-2: Ball 2-2: Ball 3-2: Foul Ball, location: 2F 3-2: SINGLE (Groundball, 6MD, EV 96.9 MPH) Mike Bates to second Mike Bates to third
|
Batting: SHB Marvin McAleer
|
0-0: Ball 1-0: Ball 2-0: Called Strike 2-1: Called Strike 2-2: Ball 3-2: Strikes out swinging
|
Batting: LHB Pat Sutton
|
0-0: Ball 1-0: Called Strike 1-1: SINGLE (Groundball, 6MD, EV 102.5 MPH) Mike Bates scores Steve Jordan to second Runner from 2nd tries for 3rd, SAFE, throw by CF made at trailing runner, OUT! 8-4
|
Top of the 5th over - 1 run, 3 hits, 0 errors, 1 left on base; Pittsburgh 3 - Atlanta 2 |
BOTTOM OF THE 5TH |
Atlanta Braves batting - Pitching for Pittsburgh Pirates : RHP Isaburo Ishihara
|
Batting: RHB Tade Post
|
0-0: Ball 1-0: Fly out, F6 (Popup, 15S, EV 95.6 MPH)
|
Batting: RHB Jeckel Hester
|
0-0: Fly out, F9 (Flyball, 9D, EV 91.9 MPH)
|
Batting: LHB Per Meulengracht
|
0-0: Ball 1-0: Ball 2-0: Called Strike 2-1: Foul Ball, location: 2F 2-2: SINGLE (Groundball, 6M, EV 98.8 MPH)
|
Batting: RHB Jordan Martin
|
0-0: Ball 1-0: Foul Ball, location: 2F 1-1: Foul Ball, location: 2F 1-2: Foul Ball, location: 2F 1-2: DOUBLE (Flyball, 78D, EV 95.0 MPH) Per Meulengracht to third
|
Batting: LHB Colin Worthington
|
0-0: Called Strike 0-1: Called Strike 0-2: Ball 1-2: Ball 2-2: Strikes out looking
|
Bottom of the 5th over - 0 runs, 2 hits, 0 errors, 2 left on base; Pittsburgh 3 - Atlanta 2 |
TOP OF THE 6TH |
Pittsburgh Pirates batting - Pitching for Atlanta Braves : RHP Matt Sigurdson
|
Pitching: RHP Andy Kiefer
|
|
Batting: SHB Brad Day
|
0-0: Ball 1-0: Ball 2-0: Swinging Strike 2-1: Swinging Strike 2-2: Foul Ball, location: 2F 2-2: Foul Ball, location: 2F 2-2: Foul Ball, location: 2F 2-2: Foul Ball, location: 2F 2-2: Ball 3-2: Foul Ball, location: 2F 3-2: Foul Ball, location: 2F 3-2: Strikes out swinging
|
Batting: LHB Marc Carter
|
0-0: Ball 1-0: Called Strike 1-1: Fly out, F7 (Flyball, 7LM, EV 98.8 MPH)
|
Batting: RHB Bubba Tierney
|
0-0: Ball 1-0: Called Strike 1-1: Ground out 1-3 (Groundball, 13S, EV 62.5 MPH)
|
Top of the 6th over - 0 runs, 0 hits, 0 errors, 0 left on base; Pittsburgh 3 - Atlanta 2 |
BOTTOM OF THE 6TH |
Atlanta Braves batting - Pitching for Pittsburgh Pirates : RHP Isaburo Ishihara
|
Batting: RHB Ike Trout
|
0-0: Called Strike 0-1: Foul Ball, location: 2F 0-2: Ball 1-2: Ball 2-2: Ground out 6-3 (Groundball, 56, EV 90.0 MPH)
|
Batting: RHB Xavier Davis
|
0-0: Ball 1-0: Called Strike 1-1: Ball 2-1: Ball 3-1: Base on Balls
|
Batting: RHB Zhi-bin Ou-yang
|
0-0: Grounds into double play, 6-4-3 (Groundball, 6, EV 86.2 MPH)
|
Bottom of the 6th over - 0 runs, 0 hits, 0 errors, 0 left on base; Pittsburgh 3 - Atlanta 2 |
TOP OF THE 7TH |
Pittsburgh Pirates batting - Pitching for Atlanta Braves : RHP Andy Kiefer
|
Batting: RHB Eisse Bravenboer
|
0-0: Ball 1-0: Ball 2-0: Called Strike 2-1: Ball 3-1: Base on Balls
|
Batting: RHB Andrew Robinson
|
0-0: Foul Ball, location: 2F 0-1: Ball 1-1: Ball 2-1: Ball 3-1: Base on Balls Eisse Bravenboer to second
|
Batting: RHB Mike Bates
|
0-0: Ball 1-0: Ball 2-0: Swinging Strike 2-1: Ball 3-1: Called Strike 3-2: Grounds into double play, 6-4-3 (Groundball, 6, EV 110.0 MPH) Eisse Bravenboer to third
|
Batting: RHB Steve Jordan
|
0-0: Called Strike 0-1: Ground out 5-3 (Groundball, 56, EV 90.0 MPH)
|
Top of the 7th over - 0 runs, 0 hits, 0 errors, 1 left on base; Pittsburgh 3 - Atlanta 2 |
BOTTOM OF THE 7TH |
Atlanta Braves batting - Pitching for Pittsburgh Pirates : RHP Isaburo Ishihara
|
Batting: RHB Jared Speck
|
0-0: Swinging Strike 0-1: Ball 1-1: Ball 2-1: Ball 3-1: Base on Balls
|
Pitching: RHP Kwang-sik Kim
|
|
Batting: RHB Tade Post
|
0-0: Ball 1-0: SINGLE (Line Drive, 78S, EV 103.8 MPH) Jared Speck to second
|
Batting: RHB Jeckel Hester
|
0-0: Foul Ball, location: 2F 0-1: Foul Ball, location: 2F 0-2: Ball 1-2: Foul Ball, location: 2F 1-2: Fielders Choice at 2nd, 6-4 (Groundball, 6, EV 88.8 MPH) Jared Speck to third
|
Batting: LHB Per Meulengracht
|
0-0: Called Strike Jeckel Hester steals 2nd base 0-1: Ball 1-1: Ball 2-1: Swinging Strike 2-2: Ball 3-2: SINGLE (Groundball, 4M, EV 93.8 MPH) (infield hit) Jared Speck scores Jeckel Hester to third
|
Batting: RHB Jordan Martin
|
0-0: Fly out, F2 (Popup, 23F, EV 77.5 MPH)
|
Batting: LHB Colin Worthington
|
0-0: Called Strike 0-1: Ball 1-1: Foul Ball, location: 2F 1-2: Ball 2-2: Foul Ball, location: 2F 2-2: Ball 3-2: Ground out 5-3 (Groundball, 56, EV 104.4 MPH)
|
Bottom of the 7th over - 1 run, 2 hits, 0 errors, 2 left on base; Pittsburgh 3 - Atlanta 3 |
TOP OF THE 8TH |
Pittsburgh Pirates batting - Pitching for Atlanta Braves : RHP Andy Kiefer
|
Pitching: RHP Alex Montes
|
|
Batting: SHB Marvin McAleer
|
0-0: Called Strike 0-1: Foul Ball, location: 2F 0-2: Fly out, F9 (Flyball, 89M, EV 86.9 MPH)
|
Batting: LHB Pat Sutton
|
0-0: Ball 1-0: SINGLE (Groundball, 4MD, EV 103.1 MPH)
|
Batting: SHB Brad Day
|
0-0: Called Strike 0-1: Foul Ball, location: 2F 0-2: Ball 1-2: Strikes out swinging
|
Batting: LHB Marc Carter
|
0-0: Ball 1-0: Foul Ball, location: 2F 1-1: Ground out 4-3 (Groundball, 4, EV 86.9 MPH)
|
Top of the 8th over - 0 runs, 1 hit, 0 errors, 1 left on base; Pittsburgh 3 - Atlanta 3 |
BOTTOM OF THE 8TH |
Atlanta Braves batting - Pitching for Pittsburgh Pirates : RHP Kwang-sik Kim
|
Batting: RHB Ike Trout
|
0-0: SINGLE (Flyball, 6D, EV 86.9 MPH)
|
Batting: RHB Xavier Davis
|
0-0: Foul Ball, location: 2F 0-1: Ball 1-1: Ground out 5-3 (Groundball, 56S, EV 65.0 MPH) Ike Trout to second
|
Batting: RHB Zhi-bin Ou-yang
|
0-0: Ball 1-0: Ball 2-0: Ball 3-0: Base on Balls
|
Batting: RHB Jared Speck
|
0-0: Ball 1-0: Called Strike 1-1: Ball 2-1: Grounds into double play, 5-4-3 (Groundball, 25, EV 84.4 MPH)
|
Bottom of the 8th over - 0 runs, 1 hit, 0 errors, 1 left on base; Pittsburgh 3 - Atlanta 3 |
TOP OF THE 9TH |
Pittsburgh Pirates batting - Pitching for Atlanta Braves : RHP Alex Montes
|
Batting: RHB Bubba Tierney
|
0-0: Called Strike 0-1: Ball 1-1: Ball 2-1: Foul Ball, location: 2F 2-2: SINGLE (Line Drive, 56, EV 105.0 MPH)
|
Batting: RHB Eisse Bravenboer
|
0-0: Ball 1-0: Foul Ball, location: 2F 1-1: Ball 2-1: Bunted foul 2-2: Grounds into double play, 6-4-3 (Groundball, 56, EV 85.6 MPH)
|
Batting: RHB Andrew Robinson
|
0-0: Fly out, F5 (Popup, 56S, EV 75.0 MPH)
|
Top of the 9th over - 0 runs, 1 hit, 0 errors, 0 left on base; Pittsburgh 3 - Atlanta 3 |
BOTTOM OF THE 9TH |
Atlanta Braves batting - Pitching for Pittsburgh Pirates : RHP Kwang-sik Kim
|
Pitching: RHP J.J. Sykes
|
|
Batting: RHB Tade Post
|
0-0: Called Strike 0-1: Called Strike 0-2: Ball 1-2: Foul Ball, location: 2F 1-2: Foul Ball, location: 2F 1-2: SINGLE (Groundball, 6S, EV 69.4 MPH) (infield hit)
|
Batting: RHB Jeckel Hester
|
0-0: Sac Bunt to 13 - play at first, batter safe! Tade Post to second
|
Batting: LHB Per Meulengracht
|
0-0: Ball 1-0: Sac Bunt to 25 - play at first, batter OUT! 5-4 Tade Post to third Jeckel Hester to second
|
Batting: RHB Jordan Martin
|
0-0: Ball 1-0: Foul Ball, location: 2F 1-1: Foul Ball, location: 2F 1-2: Foul Ball, location: 2F 1-2: Ball 2-2: Foul Ball, location: 2F 2-2: Strikes out swinging
|
Batting: LHB Colin Worthington
|
0-0: Called Strike 0-1: Swinging Strike 0-2: Ball 1-2: Strikes out swinging
|
Bottom of the 9th over - 0 runs, 2 hits, 0 errors, 2 left on base; Pittsburgh 3 - Atlanta 3 |
TOP OF THE 10TH |
Pittsburgh Pirates batting - Pitching for Atlanta Braves : RHP Alex Montes
|
Pitching: RHP Victor Munoz
|
|
Batting: RHB Mike Bates
|
0-0: Ball 1-0: Called Strike 1-1: Foul Ball, location: 2F 1-2: Fly out, F7 (Flyball, 78D, EV 89.4 MPH)
|
Batting: RHB Steve Jordan
|
0-0: Ball 1-0: Ball 2-0: Ball 3-0: Base on Balls
|
Batting: SHB Marvin McAleer
|
0-0: Ball Steve Jordan steals 2nd base 1-0: Called Strike 1-1: Ball 2-1: Swinging Strike 2-2: Ball 3-2: Foul Ball, location: 2F 3-2: Foul Ball, location: 2F 3-2: Strikes out swinging
|
Batting: LHB Pat Sutton
|
0-0: Intentional Walk
|
Batting: SHB Brad Day
|
0-0: Called Strike 0-1: Swinging Strike 0-2: Ball 1-2: Strikes out swinging
|
Top of the 10th over - 0 runs, 0 hits, 0 errors, 2 left on base; Pittsburgh 3 - Atlanta 3 |
BOTTOM OF THE 10TH |
Atlanta Braves batting - Pitching for Pittsburgh Pirates : RHP J.J. Sykes
|
Pitching: RHP Jeremy Kennie
|
|
Batting: RHB Ike Trout
|
0-0: Ball 1-0: Swinging Strike 1-1: Ball 2-1: Ball 3-1: Ground out 5-3 (Groundball, 5L, EV 79.4 MPH)
|
Batting: RHB Xavier Davis
|
0-0: Ball 1-0: Called Strike 1-1: Ball 2-1: Called Strike 2-2: Strikes out looking
|
Batting: RHB Zhi-bin Ou-yang
|
0-0: SINGLE (Line Drive, 34D, EV 105.0 MPH)
|
Batting: RHB Jared Speck
|
0-0: Ball 1-0: Ball 2-0: Called Strike Zhi-bin Ou-yang steals 2nd base (no throw) 2-1: Foul Ball, location: 2F 2-2: Foul Ball, location: 2F 2-2: Ball 3-2: Ground out 6-3 (Groundball, 6, EV 93.8 MPH)
|
Bottom of the 10th over - 0 runs, 1 hit, 0 errors, 1 left on base; Pittsburgh 3 - Atlanta 3 |
TOP OF THE 11TH |
Pittsburgh Pirates batting - Pitching for Atlanta Braves : RHP Victor Munoz
|
Batting: LHB Marc Carter
|
0-0: Called Strike 0-1: Ball 1-1: Swinging Strike 1-2: Strikes out looking
|
Batting: RHB Bubba Tierney
|
0-0: Called Strike 0-1: Foul Ball, location: 2F 0-2: Ball 1-2: Ball 2-2: Fly out, F8 (Flyball, 8LD, EV 103.8 MPH)
|
Pitching: RHP David Matheney
|
|
Batting: RHB Eisse Bravenboer
|
0-0: Foul Ball, location: 2F 0-1: Foul Ball, location: 2F 0-2: Foul Ball, location: 2F 0-2: Ball 1-2: Fly out, F8 (Line Drive, 8LM, EV 110.6 MPH)
|
Top of the 11th over - 0 runs, 0 hits, 0 errors, 0 left on base; Pittsburgh 3 - Atlanta 3 |
BOTTOM OF THE 11TH |
Atlanta Braves batting - Pitching for Pittsburgh Pirates : RHP Jeremy Kennie
|
Batting: RHB Tade Post
|
0-0: Ball 1-0: Foul Ball, location: 2F 1-1: Called Strike 1-2: Foul Ball, location: 2F 1-2: Strikes out swinging
|
Batting: RHB Jeckel Hester
|
0-0: Called Strike 0-1: Ball 1-1: Ball 2-1: Foul Ball, location: 2F 2-2: Strikes out swinging wild pitch, reaches first!
|
Batting: LHB Per Meulengracht
|
0-0: Called Strike 0-1: Ball 1-1: Ball 2-1: Ball 3-1: Fly out, F8 (Flyball, 8RD, EV 102.5 MPH) Runner from 1st tags up, SAFE at 2nd
|
Pitching: RHP Jeremy Parsnip
|
|
Batting: RHB Jordan Martin
|
0-0: Called Strike 0-1: Foul Ball, location: 2F 0-2: Ball Wild Pitch! Jeckel Hester to third 1-2: Strikes out swinging
|
Bottom of the 11th over - 0 runs, 0 hits, 0 errors, 1 left on base; Pittsburgh 3 - Atlanta 3 |
TOP OF THE 12TH |
Pittsburgh Pirates batting - Pitching for Atlanta Braves : RHP David Matheney
|
Batting: RHB Andrew Robinson
|
0-0: Ball 1-0: Called Strike 1-1: Ball 2-1: Ground out 6-3 (Groundball, 6, EV 82.5 MPH)
|
Batting: RHB Mike Bates
|
0-0: Ball 1-0: Ball 2-0: Called Strike 2-1: Foul Ball, location: 2F 2-2: Foul Ball, location: 2F 2-2: Foul Ball, location: 2F 2-2: Foul Ball, location: 2F 2-2: Ball 3-2: Foul Ball, location: 2F 3-2: DOUBLE (Line Drive, 7LM, EV 91.9 MPH)
|
Batting: RHB Steve Jordan
|
0-0: Foul Ball, location: 2F 0-1: Called Strike 0-2: Strikes out swinging
|
Batting: SHB Marvin McAleer
|
0-0: Called Strike 0-1: Foul Ball, location: 2F 0-2: Foul Ball, location: 2F 0-2: Ball 1-2: Fly out, F5 (Popup, 56S, EV 76.9 MPH)
|
Top of the 12th over - 0 runs, 1 hit, 0 errors, 1 left on base; Pittsburgh 3 - Atlanta 3 |
BOTTOM OF THE 12TH |
Atlanta Braves batting - Pitching for Pittsburgh Pirates : RHP Jeremy Parsnip
|
Batting: LHB Colin Worthington
|
0-0: Called Strike 0-1: Ball 1-1: Swinging Strike 1-2: Foul Ball, location: 2F 1-2: Foul Ball, location: 2F 1-2: Foul Ball, location: 2F 1-2: Ground out 4-3 (Groundball, 4, EV 100.0 MPH)
|
Batting: RHB Ike Trout
|
0-0: Called Strike 0-1: Ball 1-1: Ball 2-1: Fly out, F4 (Popup, 34, EV 62.5 MPH)
|
Batting: RHB Xavier Davis
|
0-0: Fly out, F8 (Line Drive, 8RM, EV 100.6 MPH)
|
Bottom of the 12th over - 0 runs, 0 hits, 0 errors, 0 left on base; Pittsburgh 3 - Atlanta 3 |
TOP OF THE 13TH |
Pittsburgh Pirates batting - Pitching for Atlanta Braves : RHP David Matheney
|
Batting: LHB Pat Sutton
|
0-0: Ball 1-0: Called Strike 1-1: Swinging Strike 1-2: Ball 2-2: Strikes out swinging
|
Batting: SHB Brad Day
|
0-0: Ball 1-0: Called Strike 1-1: Foul Ball, location: 2F 1-2: Ball 2-2: Ground out 5-3 (Groundball, 5S, EV 69.4 MPH)
|
Batting: LHB Marc Carter
|
0-0: Ball 1-0: Called Strike 1-1: Ball 2-1: SINGLE (Groundball, 34D, EV 97.5 MPH)
|
Pitching: LHP Jason Zaugg
|
|
Batting: RHB Bubba Tierney
|
0-0: Called Strike 0-1: Foul Ball, location: 2F 0-2: Ball 1-2: Ball 2-2: Foul Ball, location: 2F 2-2: Foul Ball, location: 2F 2-2: SINGLE (Groundball, 6MD, EV 104.4 MPH) Marc Carter to second Runner from 2nd tries for 3rd, SAFE, no throw by CF
|
Batting: RHB Eisse Bravenboer
|
0-0: Ball 1-0: Ground out 1-3 (Groundball, 25, EV 67.5 MPH)
|
Top of the 13th over - 0 runs, 2 hits, 0 errors, 2 left on base; Pittsburgh 3 - Atlanta 3 |
BOTTOM OF THE 13TH |
Atlanta Braves batting - Pitching for Pittsburgh Pirates : RHP Jeremy Parsnip
|
Batting: RHB Zhi-bin Ou-yang
|
0-0: Called Strike 0-1: Foul Ball, location: 2F 0-2: Ball 1-2: Ball 2-2: Foul Ball, location: 2F 2-2: Strikes out swinging
|
Batting: RHB Jared Speck
|
0-0: Ball 1-0: Called Strike 1-1: Foul Ball, location: 2F 1-2: Strikes out looking
|
Batting: RHB Tade Post
|
0-0: Ball 1-0: Ball 2-0: Foul Ball, location: 2F 2-1: Swinging Strike 2-2: Ground out 6-3 (Groundball, 6, EV 85.0 MPH)
|
Bottom of the 13th over - 0 runs, 0 hits, 0 errors, 0 left on base; Pittsburgh 3 - Atlanta 3 |
TOP OF THE 14TH |
Pittsburgh Pirates batting - Pitching for Atlanta Braves : LHP Jason Zaugg
|
Batting: RHB Andrew Robinson
|
0-0: Called Strike 0-1: Ball 1-1: TRIPLE (Flyball, 89XD, EV 109.4 MPH)
|
Batting: RHB Mike Bates
|
0-0: Called Strike 0-1: Ball 1-1: Swinging Strike 1-2: Ground out 6-3 (Groundball, 56, EV 85.0 MPH)
|
Batting: RHB Steve Jordan
|
0-0: Intentional Walk
|
Batting: SHB Marvin McAleer
|
0-0: Ball 1-0: Fielders Choice at 2nd, 1-4 (Groundball, 15S, EV 63.8 MPH)
|
Batting: RHB Raul Mendoza
|
0-0: Swinging Strike 0-1: Ball 1-1: Ball 2-1: Ground out 5-3 (Groundball, 56, EV 107.5 MPH)
|
Top of the 14th over - 0 runs, 1 hit, 0 errors, 2 left on base; Pittsburgh 3 - Atlanta 3 |
BOTTOM OF THE 14TH |
Atlanta Braves batting - Pitching for Pittsburgh Pirates : RHP Jeremy Parsnip
|
Batting: RHB Jeckel Hester
|
0-0: Swinging Strike 0-1: Ball 1-1: Fly out, F8 (Flyball, 8RXD, EV 98.8 MPH)
|
Pitching: LHP Jimmy Vanthournoutingtonle
|
|
Pinch Hitting: RHB Luis Torres
|
0-0: Ball 1-0: Ball 2-0: Swinging Strike 2-1: Foul Ball, location: 2F 2-2: Foul Ball, location: 2F 2-2: Foul Ball, location: 2F 2-2: Ground out 5-3 (Groundball, 5, EV 85.6 MPH)
|
Pitching: LHP Riichi Yamashita
|
|
Batting: RHB Jordan Martin
|
0-0: Foul Ball, location: 2F 0-1: Foul Ball, location: 2F 0-2: Foul Ball, location: 2F 0-2: Foul Ball, location: 2F 0-2: Ball 1-2: Ball 2-2: Ground out 5-3 (Groundball, 5, EV 83.8 MPH)
|
Bottom of the 14th over - 0 runs, 0 hits, 0 errors, 0 left on base; Pittsburgh 3 - Atlanta 3 |
TOP OF THE 15TH |
Pittsburgh Pirates batting - Pitching for Atlanta Braves : LHP Jason Zaugg
|
Now at SS: Luis Torres
|
|
Now in LF: Zhi-bin Ou-yang
|
|
Now in CF: Colin Worthington
|
|
Batting: SHB Brad Day
|
0-0: Called Strike 0-1: Ball 1-1: Foul Ball, location: 2F 1-2: Ground out 5-3 (Groundball, 56, EV 90.6 MPH)
|
Batting: LHB Marc Carter
|
0-0: Swinging Strike 0-1: Swinging Strike 0-2: Ball 1-2: Strikes out swinging
|
Batting: RHB Bubba Tierney
|
0-0: Ball 1-0: Ball 2-0: TRIPLE (Line Drive, 89XD, EV 113.1 MPH)
|
Batting: RHB Eisse Bravenboer
|
0-0: Ball 1-0: Fly out, F8 (Flyball, 8RD, EV 79.4 MPH)
|
Top of the 15th over - 0 runs, 1 hit, 0 errors, 1 left on base; Pittsburgh 3 - Atlanta 3 |
BOTTOM OF THE 15TH |
Atlanta Braves batting - Pitching for Pittsburgh Pirates : LHP Riichi Yamashita
|
Pinch Hitting: RHB Ramon Villarreal
|
0-0: Ball 1-0: Ball 2-0: Ball 3-0: Base on Balls
|
Batting: RHB Ike Trout
|
0-0: Ball 1-0: Fly out, F7 (Flyball, 78S, EV 96.2 MPH)
|
Batting: RHB Xavier Davis
|
0-0: Ball Ramon Villarreal steals 2nd base 1-0: Ball 2-0: Called Strike 2-1: Ball 3-1: Fly out, F8 (Flyball, 8RD, EV 90.6 MPH)
|
Batting: RHB Zhi-bin Ou-yang
|
0-0: Ball 1-0: Ground out 6-3 (Groundball, 6, EV 90.0 MPH)
|
Bottom of the 15th over - 0 runs, 0 hits, 0 errors, 1 left on base; Pittsburgh 3 - Atlanta 3 |
TOP OF THE 16TH |
Pittsburgh Pirates batting - Pitching for Atlanta Braves : LHP Jason Zaugg
|
Now in CF: Liangde Li
|
|
Batting: RHB Andrew Robinson
|
0-0: Ball 1-0: Foul Ball, location: 2F 1-1: Fly out, F5 (Popup, 56, EV 55.6 MPH)
|
Batting: RHB Mike Bates
|
0-0: Swinging Strike 0-1: SINGLE (Groundball, 56D, EV 106.9 MPH)
|
Batting: RHB Steve Jordan
|
0-0: Called Strike Mike Bates is caught stealing 2nd base 2-4 0-1: Fly out, F8 (Flyball, 8RS, EV 85.6 MPH)
|
Top of the 16th over - 0 runs, 1 hit, 0 errors, 0 left on base; Pittsburgh 3 - Atlanta 3 |
BOTTOM OF THE 16TH |
Atlanta Braves batting - Pitching for Pittsburgh Pirates : LHP Riichi Yamashita
|
Batting: RHB Jared Speck
|
0-0: Ball 1-0: Called Strike 1-1: Ball 2-1: Called Strike 2-2: Strikes out looking
|
Batting: RHB Tade Post
|
0-0: Called Strike 0-1: Foul Ball, location: 2F 0-2: Ball 1-2: Ball 2-2: Ball 3-2: Strikes out looking
|
Batting: RHB Jeckel Hester
|
0-0: Foul Ball, location: 2F 0-1: Foul Ball, location: 2F 0-2: Ball 1-2: Strikes out looking
|
Bottom of the 16th over - 0 runs, 0 hits, 0 errors, 0 left on base; Pittsburgh 3 - Atlanta 3 |
TOP OF THE 17TH |
Pittsburgh Pirates batting - Pitching for Atlanta Braves : LHP Jason Zaugg
|
Pitching: RHP Mike Willig
|
|
Batting: SHB Marvin McAleer
|
0-0: Ball 1-0: SINGLE (Groundball, 6D, EV 109.4 MPH)
|
Batting: RHB Raul Mendoza
|
0-0: Ball 1-0: Ball 2-0: Called Strike 2-1: Foul Ball, location: 2F 2-2: Ball 3-2: DOUBLE (Line Drive, 9LS, EV 90.0 MPH) Marvin McAleer to third Runner from 3rd tries for Home, throw by RF and OUT! 9-4-2
|
Batting: SHB Brad Day
|
0-0: Ball 1-0: Called Strike 1-1: Ball 2-1: Foul Ball, location: 2F 2-2: Foul Ball, location: 2F 2-2: Foul Ball, location: 2F 2-2: Ball 3-2: Foul Ball, location: 2F 3-2: Foul Ball, location: 2F 3-2: Foul Ball, location: 2F 3-2: Foul Ball, location: 2F 3-2: Base on Balls
|
Batting: LHB Marc Carter
|
0-0: Ball 1-0: Called Strike 1-1: Fly out, F7 (Flyball, 7D, EV 85.6 MPH) Runner from 2nd tags up, SAFE at 3rd with throw by LF
|
Batting: RHB Bubba Tierney
|
0-0: Ball 1-0: Fly out, F7 (Flyball, 7, EV 76.9 MPH)
|
Top of the 17th over - 0 runs, 2 hits, 0 errors, 2 left on base; Pittsburgh 3 - Atlanta 3 |
BOTTOM OF THE 17TH |
Atlanta Braves batting - Pitching for Pittsburgh Pirates : LHP Riichi Yamashita
|
Batting: RHB Luis Torres
|
0-0: Ball 1-0: Ball 2-0: Called Strike 2-1: Ball 3-1: Base on Balls
|
Batting: RHB Jordan Martin
|
0-0: Ball 1-0: Foul Ball, location: 2F 1-1: Called Strike 1-2: Foul Ball, location: 2F 1-2: Strikes out swinging Luis Torres is caught stealing 2nd base 2-4 Batter strikes out.
|
Batting: RHB Liangde Li
|
0-0: Ball 1-0: Ball 2-0: Called Strike 2-1: Foul Ball, location: 2F 2-2: Foul Ball, location: 2F 2-2: Ground out 6-3 (Groundball, 6, EV 80.0 MPH)
|
Bottom of the 17th over - 0 runs, 0 hits, 0 errors, 0 left on base; Pittsburgh 3 - Atlanta 3 |
TOP OF THE 18TH |
Pittsburgh Pirates batting - Pitching for Atlanta Braves : RHP Mike Willig
|
Batting: RHB Eisse Bravenboer
|
0-0: Foul Ball, location: 2F 0-1: Ball 1-1: Ball 2-1: Ground out 6-3 (Groundball, 6, EV 87.5 MPH)
|
Batting: RHB Andrew Robinson
|
0-0: Swinging Strike 0-1: Foul Ball, location: 2F 0-2: Ball 1-2: Foul Ball, location: 2F 1-2: Strikes out swinging
|
Batting: RHB Mike Bates
|
0-0: Foul Ball, location: 2F 0-1: Ball 1-1: Foul Ball, location: 2F 1-2: Strikes out looking
|
Top of the 18th over - 0 runs, 0 hits, 0 errors, 0 left on base; Pittsburgh 3 - Atlanta 3 |
BOTTOM OF THE 18TH |
Atlanta Braves batting - Pitching for Pittsburgh Pirates : LHP Riichi Yamashita
|
Pitching: RHP Curt Campbell
|
|
Batting: RHB Ike Trout
|
0-0: Called Strike 0-1: Ball 1-1: Fly out, F9 (Flyball, 9, EV 96.9 MPH)
|
Batting: RHB Xavier Davis
|
0-0: Called Strike 0-1: Fly out, F7 (Flyball, 7, EV 82.5 MPH)
|
Batting: RHB Zhi-bin Ou-yang
|
0-0: Ball 1-0: SINGLE (Groundball, 4MD, EV 100.6 MPH)
|
Batting: RHB Jared Speck
|
0-0: Ball 1-0: Foul Ball, location: 2F 1-1: Ground out 6-3 (Groundball, 6S, EV 86.2 MPH)
|
Bottom of the 18th over - 0 runs, 1 hit, 0 errors, 1 left on base; Pittsburgh 3 - Atlanta 3 |
TOP OF THE 19TH |
Pittsburgh Pirates batting - Pitching for Atlanta Braves : RHP Mike Willig
|
Batting: RHB Steve Jordan
|
0-0: Ground out 5-3 (Groundball, 56, EV 100.0 MPH)
|
Batting: SHB Marvin McAleer
|
0-0: Ground out 6-3 (Groundball, 6D, EV 106.9 MPH)
|
Batting: RHB Raul Mendoza
|
0-0: Ball 1-0: Ball 2-0: Ball 3-0: Foul Ball, location: 2F 3-1: Base on Balls
|
Pitching: RHP Tim Kull
|
|
Batting: SHB Brad Day
|
0-0: Ball 1-0: Called Strike 1-1: Ball 2-1: Swinging Strike 2-2: Foul Ball, location: 2F 2-2: Strikes out swinging
|
Top of the 19th over - 0 runs, 0 hits, 0 errors, 1 left on base; Pittsburgh 3 - Atlanta 3 |
BOTTOM OF THE 19TH |
Atlanta Braves batting - Pitching for Pittsburgh Pirates : RHP Curt Campbell
|
Batting: RHB Tade Post
|
0-0: Fly out, F7 (Flyball, 78M, EV 83.1 MPH)
|
Batting: RHB Jeckel Hester
|
0-0: Foul Ball, location: 2F 0-1: Called Strike 0-2: Ball 1-2: Ball 2-2: Foul Ball, location: 2F 2-2: Fly out, F7 (Line Drive, 78S, EV 90.6 MPH)
|
Batting: RHB Luis Torres
|
0-0: Called Strike 0-1: Hit by Pitch
|
Batting: RHB Jordan Martin
|
0-0: Ball 1-0: Called Strike 1-1: Foul Ball, location: 2F 1-2: Foul Ball, location: 2F 1-2: Fly out, F8 (Flyball, 8LD, EV 82.5 MPH)
|
Bottom of the 19th over - 0 runs, 0 hits, 0 errors, 1 left on base; Pittsburgh 3 - Atlanta 3 |
TOP OF THE 20TH |
Pittsburgh Pirates batting - Pitching for Atlanta Braves : RHP Tim Kull
|
Batting: LHB Marc Carter
|
0-0: Ball 1-0: Called Strike 1-1: Ball 2-1: Ball 3-1: Base on Balls
|
Batting: RHB Bubba Tierney
|
0-0: Ball 1-0: Sac Bunt to 23 - play at second, runner OUT! 3-6
|
Batting: RHB Eisse Bravenboer
|
0-0: Ball 1-0: Swinging Strike 1-1: Called Strike 1-2: Ball 2-2: Ball 3-2: Foul Ball, location: 2F 3-2: Base on Balls Bubba Tierney to second
|
Batting: RHB Andrew Robinson
|
0-0: Called Strike 0-1: Foul Ball, location: 2F 0-2: Fly out, F4 (Line Drive, 34, EV 71.2 MPH)
|
Batting: RHB Mike Bates
|
0-0: Ball 1-0: Ball 2-0: Foul Ball, location: 2F 2-1: Foul Ball, location: 2F 2-2: Strikes out swinging
|
Top of the 20th over - 0 runs, 0 hits, 0 errors, 2 left on base; Pittsburgh 3 - Atlanta 3 |
BOTTOM OF THE 20TH |
Atlanta Braves batting - Pitching for Pittsburgh Pirates : RHP Curt Campbell
|
Batting: RHB Liangde Li
|
0-0: Ball 1-0: Ball 2-0: Called Strike 2-1: SINGLE (Groundball, 56, EV 83.1 MPH) (infield hit)
|
Batting: RHB Ike Trout
|
0-0: Called Strike Liangde Li is caught stealing 2nd base 2-4 0-1: Called Strike 0-2: Ball 1-2: Ball 2-2: Foul Ball, location: 2F 2-2: Fly out, F7 (Flyball, 7, EV 92.5 MPH)
|
Batting: RHB Xavier Davis
|
0-0: Ground out 6-3 (Groundball, 6S, EV 84.4 MPH)
|
Bottom of the 20th over - 0 runs, 1 hit, 0 errors, 0 left on base; Pittsburgh 3 - Atlanta 3 |
TOP OF THE 21ST |
Pittsburgh Pirates batting - Pitching for Atlanta Braves : RHP Tim Kull
|
Batting: RHB Steve Jordan
|
0-0: Foul Ball, location: 2F 0-1: Ball 1-1: Ball 2-1: Foul Ball, location: 2F 2-2: Strikes out swinging
|
Batting: SHB Marvin McAleer
|
0-0: Ball 1-0: Foul Ball, location: 2F 1-1: Foul Ball, location: 2F 1-2: Ground out 3-1 (Groundball, 34S, EV 88.8 MPH)
|
Batting: RHB Raul Mendoza
|
0-0: Ball 1-0: Called Strike 1-1: SINGLE (Groundball, 56S, EV 73.1 MPH) (infield hit)
|
Batting: SHB Brad Day
|
0-0: Ball 1-0: Foul Ball, location: 2F 1-1: Ball 2-1: Foul Ball, location: 2F 2-2: Strikes out swinging
|
Top of the 21st over - 0 runs, 1 hit, 0 errors, 1 left on base; Pittsburgh 3 - Atlanta 3 |
BOTTOM OF THE 21ST |
Atlanta Braves batting - Pitching for Pittsburgh Pirates : RHP Curt Campbell
|
Batting: RHB Zhi-bin Ou-yang
|
0-0: Ground out 5-3 (Groundball, 56S, EV 61.9 MPH)
|
Batting: RHB Jared Speck
|
0-0: Ball 1-0: Foul Ball, location: 2F 1-1: Ball 2-1: SOLO HOME RUN (Line Drive, 7D, EV 100.0 MPH), Distance : 369 ft
|
Bottom of the 21st over - 1 run, 1 hit, 0 errors, 0 left on base; Pittsburgh 3 - Atlanta 4 |
|